 Dungeon Crawl Stone Soup version 0.20-a0-494-gf50ee04 (webtiles) character file.

13415 M4edhros the Covert (level 12, -13/62 HPs)
             Began as an Octopode Artificer on Jan 17, 2017.
             Was an Elder of Fedhas.
             Killed from afar by an orc priest (21 damage)
             ... with a wand of lightning (?/15)
             ... on level 12 of the Dungeon.
             The game lasted 00:25:58 (15979 turns).

M4edhros the Covert (Octopode Artificer)           Turns: 15979, Time: 00:26:04

Health: -13/62     AC:  3    Str: 10    XL:     12   Next: 5%
Magic:  16/16      EV: 18    Int: 15    God:    Fedhas [****..]
Gold:   630        SH: 15    Dex: 19    Spells: 11/11 levels left

rFire    + . .     SeeInvis +   x - +1 trident (venom)
rCold    . . .     Gourm    .   D - +1 shield
rNeg     . . .     Faith    .   (helmet restricted)
rPois    +         Spirit   .   L - +5 amulet of reflection
rElec    .         Reflect  +   e - ring of see invisible
rCorr    .         Harm     .   B - ring of poison resistance
MR       +....                  s - +2 ring of evasion
Stlth    +++++++...             g - ring of protection from magic
Regen    0.6/turn               (no ring)
                                (no ring)
                                (no ring)
                                (no ring)

@: no status effects
A: almost no armour, stealthy swim, amphibious, 8 rings, constrict 8, antennae
1, thin metallic scales 1, camouflage 1, agile 1, clever 1, fire resistance 1,
frail 2, low mp 1, regeneration 1, weak 1, gelatinous body 1
a: Fungal Bloom, Evolution, Sunlight, Growth, Reproduction, Renounce Religion


You were on level 12 of the Dungeon.
You worshipped Fedhas.
Fedhas was greatly pleased with you.
You were not hungry.

You visited 2 branches of the dungeon, and saw 14 of its levels.

You collected 631 gold pieces.
You spent 1 gold pieces at shops.

Inventory:

Hand Weapons
 b - a +0 short sword of electrocution
 r - a +1 dagger of venom
 v - a +0 hunting sling
 x - a +1 trident of venom (weapon)
 K - a +4 dagger of chaos
Missiles
 d - 21 sling bullets
 j - 313 stones (quivered)
 w - 262 arrows
Armour
 D - a +1 shield (worn)
Jewellery
 e - a ring of see invisible (left tentacle)
 g - a ring of protection from magic (on tentacle)
 s - a +2 ring of evasion (on tentacle)
 B - a ring of poison resistance (right tentacle)
 L - a +5 amulet of reflection (around mantle)
Wands
 a - a wand of flame (22/48)
 c - a wand of enslavement (0/24)
 m - a wand of disintegration (0/24)
 p - a wand of iceblast (0/15)
 q - a wand of clouds (4/9)
 u - a wand of flame (16/48)
 y - a wand of iceblast (11/15)
 C - a wand of lightning (7/15)
 F - a wand of digging (9/24)
 N - a wand of iceblast (1/15)
 S - a wand of acid (6/15)
 T - a wand of iceblast (5/15)
 X - a wand of flame (15/48)
Scrolls
 o - 2 scrolls of recharging
 G - 2 scrolls of fog
 O - a scroll of enchant weapon
 Q - a scroll of holy word
 W - a scroll of amnesia
 Y - a scroll of torment {unknown}
 Z - a scroll of silence {unknown}
Potions
 z - a potion of cancellation
 V - a potion of berserk rage
Comestibles
 f - 7 bread rations
 A - 5 beef jerkies
 E - 2 meat rations
 I - 2 slices of pizza


   Skills:
 + Level 5.9 Fighting
 - Level 1.0 Short Blades
 * Level 8.3 Slings
 + Level 6.1 Dodging
 + Level 14.1 Stealth
 + Level 4.9 Shields
 + Level 7.8 Invocations
 * Level 7.9 Evocations


You had 11 spell levels left.
You didn't know any spells.

Dungeon Overview and Level Annotations

Branches:
Dungeon (13/15)            Temple (1/1) D:7            Lair (0/6) D:9
    Orc (0/2) D:9
 Vaults: D:13-14

Altars:
Ashenzari
Cheibriados
Dithmenos
Elyvilon
Fedhas
Gozag
Kikubaaqudgha
Makhleb
Nemelex Xobeh
Okawaru
Qazlal
Ru
Sif Muna
Trog
Uskayaw
Vehumet
Xom
Yredelemnul
Zin
The Shining One

Shops:
D:7 ?=*(*   D:11 *


Innate Abilities, Weirdness & Mutations

You cannot wear most types of armour.
You are very stealthy in the water. (Stealth+)
You are amphibious.
You can wear up to eight rings at the same time.
You can use your tentacles to constrict eight enemies at once.
Your skin changes colour to match your surroundings (Stealth+).
Your rubbery body absorbs attacks. (AC +1, EV +1)
You have a pair of small antennae on your head.
You are partially covered in thin metallic scales. (AC +2)
You are agile. (Dex +2)
Your mind is acute. (Int +2)
Your flesh is heat resistant. (rF+)
You are very frail. (-20% HP)
Your magical capacity is low. (-10% MP)
Your natural rate of healing is unusually fast.
You are weak. (Str -2)


Message History

Aim: a manticore (moderately wounded, chance to defeat MR: 50%)
The manticore resists with significant effort.
This wand has 2 charges left.
Evoke which item? (* to show all) (? for menu, Esc to quit)
Aiming: Enslavement
Press: ? - help, Shift-Dir - straight line, f - deep troll earth mage, p - manticore
Aim: a deep troll earth mage (lightly wounded, chance to defeat MR: 50%)
The deep troll earth mage is charmed.
This wand has 1 charge left.
The orc priest looks braver for a moment.
Evoke which item? (* to show all) (? for menu, Esc to quit)
Aiming: Enslavement
Press: ? - help, Shift-Dir - straight line, f - manticore, p - deep troll earth mage
Aim: a manticore (moderately wounded, chance to defeat MR: 50%)
The manticore is charmed.
This wand has 0 charges left.
The orc priest zaps a wand.
The bolt of lightning hits your deep troll earth mage.
The bolt of lightning hits you!
You die...
Xom chuckles heartily!
Fedhas appreciates your contribution to the ecosystem.

##.##...#...##.....##...##
#### #..
#........#.....#....$# ##.
#.##.....o..8..'....[##
#### #.
..##........H..#....(.#
#...
########...##.....##...###
## #### ##T.######## # #.
##...##.# ####.#.
#....$#.. #......
#..@..#.# ######.
#.........# ## ##...##.#.#
# ######.#.# #
####..>#.##### ####
#....#.#...... ..##
#.##.......#####.#.
#.............#.
#..[....### #.#.


You could see an orc priest, a friendly manticore and a friendly deep troll
earth mage.

Vanquished Creatures
  A hydra (D:12)
  Erica (D:8)
  A two-headed ogre (D:10)
  2 unseen horrors (D:10)
  Maurice (D:8)
  Psyche (D:11)
  A gargoyle (D:11)
  5 trolls
  4 yaks (D:12)
  A wyvern (D:9)
  Grum (D:8)
  A steam dragon (D:12)
  An acid dragon (D:11)
  2 porcupines (D:9)
  2 ice beasts
  3 orc warriors
  A swamp drake (D:9)
  2 black bears
  3 sky beasts
  A phantom (D:5)
  3 ogres
  2 wolves (D:8)
  8 centaurs
  2 crocodiles
  9 bullfrogs
  9 scorpions
  7 killer bees
  2 wights (D:9)
  The ghost of M4edhros the Sneak, a weakling OpAr (D:4)
  A howler monkey (D:6)
  5 crimson imps
  4 hounds
  2 jellies
  10 orc priests
  A bullfrog skeleton (D:11)
  13 orc wizards
  3 iguanas (D:11)
  8 worker ants
  A hound skeleton (D:5)
  A howler monkey zombie (D:6)
  A worker ant zombie (D:6)
  4 gnolls
  11 adders
  A shadow imp (D:5)
  An ooze (D:3)
  A wandering mushroom (D:10)
  2 worms (D:2)
  7 leopard geckos
  28 orcs
  2 ball pythons
  9 giant cockroaches
  14 hobgoblins
  18 jackals
  3 quokkas
  8 bats
  5 frilled lizards
  9 goblins
  3 goblin skeletons (D:4)
  3 hobgoblin skeletons (D:4)
  8 kobolds
  A kobold skeleton (D:4)
  A leopard gecko skeleton (D:6)
  A leopard gecko zombie (D:5)
  An orc skeleton (D:4)
  A quokka skeleton (D:4)
  7 rats
277 creatures vanquished.

Vanquished Creatures (collateral kills)
  Snorg (D:11)
  A cyclops (D:11)
  A hippogriff (D:9)
  A slime creature (D:12)
  A spriggan (D:7)
  A porcupine (D:9)
  2 black bears (D:9)
  2 wolves (D:9)
  2 centaurs (D:12)
  A crocodile (D:9)
  A wyvern skeleton (D:7)
  2 killer bees (D:9)
  6 wights
  2 jellies
  A quasit (D:12)
  A bullfrog skeleton (D:6)
  A worker ant (D:9)
  7 orcs
34 creatures vanquished.

Vanquished Creatures (others)
  A shadow (D:12)
  A necrophage (D:9)
  2 centaurs (D:12)
  A crocodile (D:9)
  9 wandering mushrooms
  An orc (D:12)
  4 fungi (D:9)
  6 plants (D:9)
  166 toadstools
191 creatures vanquished.

Grand Total: 502 creatures vanquished

Notes
Turn   | Place    | Note
-------+----------+-------------------------------------------
     0 | D:1      | M4edhros the Octopode Artificer began the quest for the Orb.
     0 | D:1      | Reached XP level 1. HP: 13/13 MP: 3/3
    13 | D:1      | Reached skill level 2 in Stealth
    47 | D:1      | Reached skill level 3 in Stealth
    47 | D:1      | Reached XP level 2. HP: 4/18 MP: 4/4
   299 | D:1      | Reached skill level 4 in Stealth
   301 | D:1      | Reached XP level 3. HP: 10/23 MP: 5/5
   500 | D:2      | Found a shimmering altar of Xom.
   539 | D:2      | Became a worshipper of Xom the Less-Predictable
   547 | D:2      | XOM: harmless Summ miscast
   819 | D:3      | Reached skill level 5 in Stealth
   825 | D:3      | XOM: harmless Divn miscast
   829 | D:3      | Reached XP level 4. HP: 23/28 MP: 3/6
   944 | D:3      | Reached skill level 6 in Stealth
   972 | D:4      | Found a glowing golden altar of the Shining One.
   990 | D:5      | Entered Level 5 of the Dungeon
   992 | D:5      | XOM: divination: detect items
   997 | D:5      | Noticed a phantom
  1015 | D:5      | Killed a phantom
  1015 | D:5      | Reached skill level 7 in Stealth
  1015 | D:5      | Reached XP level 5. HP: 18/33 MP: 4/7
  1052 | D:5      | Found a white marble altar of Elyvilon.
  1052 | D:5      | Found a shimmering altar of Xom.
  1318 | D:5      | XOM: harmless Divn miscast
  1389 | D:5      | Reached skill level 8 in Stealth
  1389 | D:5      | Reached XP level 6. HP: 38/38 MP: 8/8
  1807 | D:6      | Reached skill level 9 in Stealth
  1897 | D:6      | Reached skill level 10 in Stealth
  1897 | D:6      | Reached XP level 7. HP: 31/43 MP: 7/9
  2263 | D:6      | XOM: scenery: create altars
  2351 | D:6      | Reached skill level 11 in Stealth
  2354 | D:6      | XOM: summons friendly white imp
  2367 | D:6      | XOM is BORED!
  2367 | D:6      | XOM: polymorph white imp -> white imp
  2915 | D:7      | Found Meubbe Hytso's Weapon Boutique.
  2927 | D:7      | Bought a cursed -3 hunting sling for 1 gold piece
  2958 | D:7      | Found Bypruofiulo's Jewellery Boutique.
  3008 | D:7      | Found Xoelijodu's Assorted Antiques.
  3026 | D:7      | Found Uxza Nur's Assorted Antiques.
  3031 | D:7      | Reached skill level 1 in Slings
  3031 | D:7      | Reached skill level 12 in Stealth
  3031 | D:7      | Reached XP level 8. HP: 47/48 MP: 10/10
  3070 | D:7      | Found a staircase to the Ecumenical Temple.
  3085 | Temple   | Entered the Ecumenical Temple
  3178 | Temple   | XOM: 2-stop teleportation journey
  3392 | Temple   | XOM: scenery: create altars
  3393 | Temple   | XOM: god gift: 24 stones
  3923 | Temple   | XOM: mild Necr miscast
  4449 | Temple   | XOM: god gift: long fluorescent wand {god gift}
  4493 | Temple   | XOM: cloud trail
  4780 | Temple   | XOM: cloud trail
  5000 | Temple   | XOM: god gift: gold wand {god gift}
  5460 | Temple   | XOM: give mutations
  5460 | Temple   | Gained mutation: You are frail. (-10% HP) [Xom's mischief]
  5460 | Temple   | Gained mutation: Your mind is acute. (Int +2) [Xom's mischief]
  5460 | Temple   | Gained mutation: Your natural rate of healing is unusually fast. [Xom's mischief]
  5460 | Temple   | Gained mutation: You are weak. (Str -2) [Xom's mischief]
  5525 | Temple   | XOM: harmless Fire miscast
  5656 | Temple   | XOM: divination: detect items
  6242 | Temple   | XOM: harmless Pois miscast
  6360 | Temple   | XOM: give mutations
  6360 | Temple   | Gained mutation: You are agile. (Dex +2) [Xom's mischief]
  6360 | Temple   | Lost mutation: You are agile. (Dex +2) [Xom's mischief]
  6593 | Temple   | XOM: mild Conj miscast
  7178 | Temple   | XOM is BORED!
  7178 | Temple   | XOM: summons 1 hostile demon
  7208 | Temple   | XOM: god gift: wand of flame (?/48) {god gift}
  7538 | Temple   | XOM: mild Hex miscast
  8665 | Temple   | XOM: give mutations
  8665 | Temple   | Gained mutation: Your flesh is heat resistant. (rF+) [Xom's grace]
  8665 | Temple   | Gained mutation: You have a pair of small antennae on your head. [Xom's grace]
  8665 | Temple   | Gained mutation: You are agile. (Dex +2) [Xom's grace]
  9355 | Temple   | XOM: 2-stop teleportation journey
  9417 | Temple   | Fell from the grace of Xom
  9417 | Temple   | Became a worshipper of Fedhas Madash
  9647 | D:3      | Reached * piety under Fedhas
  9773 | D:1      | Reached ** piety under Fedhas
  9976 | D:1      | XOM: torment (27/44 hp)
 10153 | D:1      | XOM: medium Air miscast
 11133 | D:4      | Noticed M4edhros's ghost (weakling OpAr)
 11142 | D:4      | Killed M4edhros's ghost
 11350 | D:4      | XOM: medium Chrm miscast
 11481 | D:4      | Reached skill level 1 in Shields
 11831 | D:7      | Noticed a spriggan baker
 11841 | D:7      | Killed a spriggan baker
 11841 | D:7      | Reached skill level 1 in Invocations
 12214 | D:7      | Reached XP level 9. HP: 34/49 MP: 7/11
 12241 | D:7      | Found Biegh's Magic Scroll Shoppe.
 12243 | D:7      | Found a blossoming altar of Fedhas.
 12400 | D:8      | Found a sparkling altar of Nemelex Xobeh.
 12411 | D:8      | Reached *** piety under Fedhas
 12412 | D:8      | Noticed Grum
 12421 | D:8      | Killed Grum
 12795 | D:8      | Noticed Erica
 12801 | D:8      | Killed Erica
 12801 | D:8      | Reached skill level 5 in Slings
 12801 | D:8      | Reached skill level 13 in Stealth
 12920 | D:8      | Noticed Maurice
 12937 | D:8      | Killed Maurice
 12937 | D:8      | Reached XP level 10. HP: 29/55 MP: 6/13
 13285 | D:9      | Reached skill level 5 in Evocations
 13438 | D:9      | Found a staircase to the Lair.
 13564 | D:9      | Reached skill level 5 in Invocations
 13623 | D:9      | Found a glowing silver altar of Zin.
 13748 | D:9      | Reached **** piety under Fedhas
 13892 | D:9      | XOM: noise
 13894 | D:9      | Found a staircase to the Orcish Mines.
 13957 | D:9      | XOM: harmless Hex miscast
 14026 | D:9      | You fall through a shaft for 2 floors!
 14026 | D:11     | Noticed a gargoyle
 14039 | D:11     | Killed a gargoyle
 14039 | D:11     | Reached skill level 5 in Fighting
 14039 | D:11     | Reached skill level 5 in Dodging
 14050 | D:11     | Found Idghinoeg's General Store.
 14061 | D:10     | Entered Level 10 of the Dungeon
 14281 | D:10     | XOM: noise
 14285 | D:10     | Reached XP level 11. HP: 56/62 MP: 11/15
 14393 | D:10     | Noticed an unseen horror
 14409 | D:10     | Killed an unseen horror
 14662 | D:10     | XOM: mild Hex miscast
 14767 | D:10     | Noticed a two-headed ogre
 14781 | D:10     | Killed a two-headed ogre
 14982 | D:10     | Noticed an unseen horror
 14989 | D:10     | XOM: medium Erth miscast
 14996 | D:10     | Killed an unseen horror
 15041 | D:11     | Noticed Snorg
 15058 | D:11     | Noticed a cyclops
 15063 | D:11     | Killed Snorg
 15073 | D:11     | Killed a cyclops
 15278 | D:11     | Noticed Psyche
 15296 | D:11     | Killed Psyche
 15374 | D:11     | XOM: noise
 15407 | D:11     | XOM: mild Summ miscast
 15565 | D:12     | Noticed a two-headed ogre
 15566 | D:12     | Reached skill level 14 in Stealth
 15573 | D:12     | Noticed a seven-headed hydra
 15595 | D:12     | Killed a seven-headed hydra
 15599 | D:12     | Noticed a deep troll earth mage
 15642 | D:13     | Noticed a cyclops
 15758 | D:12     | Reached XP level 12. HP: 8/70 MP: 17/17
 15914 | D:12     | Gained mutation: Your magical capacity is low. (-10% MP) [mutagenic meat]
 15915 | D:12     | Gained mutation: You are partially covered in thin metallic scales. (AC +2) [mutagenic meat]
 15916 | D:12     | Gained mutation: You are very frail. (-20% HP) [mutagenic meat]
 15947 | D:12     | HP: 1/62 [centaur/arrow (12)]
 15970 | D:12     | HP: 3/62 [something/blast of rock fragments (12)]
 15979 | D:12     | Killed from afar by an orc priest

Vault maps used:
D:1:      scummos_arrival_forest
D:2:      minmay_misc_feat_encased, xom_teletrap_fun
D:4:      nicolae_tso_besieged_by_evil, minmay_door_square
D:5:      gammafunk_temple_overflow_wave, first_bread, eino_curves_01
D:7:      serial_shops, shop, shop, kennysheep_little_box, shop, shop,
          the_bakery, fedhas_altar_1
D:8:      nemelex_xobeh_ov_fountains_minmay, uniq_grum, uniq_maurice, uniq_erica
D:9:      kennysheep_mini_moat, minmay_lair_entry_grove, erik_orc_1
D:11:     serial_shops, shop, uniq_psyche, uniq_snorg
D:12:     minmay_three_doors, uniq_harold
D:13:     minmay_connected_boxes_in_corner, uniq_urug, uniq_azrael
Temple:   eino_temple_scatter_basement

Skill      XL: |  1  2  3  4  5  6  7  8  9 10 11 |
---------------+----------------------------------+-----
Stealth        | 3 4 5 7 8 10 12 13 14 | 14.1
Slings         | 1 3 5 7 8 |  8.3
Fighting       | 3 4 5 |  5.9
Dodging        | 3 4 5 6 |  6.1
Shields        | 1 3 4 |  4.9
Invocations    | 1 4 5 7 |  7.8
Evocations     | 4 6 7 |  7.9
Short Blades   | |  1.0

Action                   |  1- 3 |  4- 6 |  7- 9 | 10-12 || total
-------------------------+-------+-------+-------+-------++-------
Melee: Short sword       |    61 |    55 |    10 |   161 ||   287
       Constrict         |    16 |    18 |    67 |    55 ||   156
       Tentacles         |     8 |    17 |    56 |    74 ||   155
       Dagger            |       |       |   247 |   104 ||   351
       Trident           |       |       |       |    62 ||    62
 Fire: Longbow           |       |       |    13 |       ||    13
       Hunting sling     |       |       |       |    27 ||    27
Invok: Fungal Bloom      |       |       |    36 |    38 ||    74
       Evolution         |       |       |     2 |     8 ||    10
Evoke: Wand              |     2 |    10 |    11 |    38 ||    61
  Use: Scroll            |       |     4 |     6 |     5 ||    15
       Potion            |       |       |       |     5 ||     5
 Stab: Sleeping          |     9 |     6 |    30 |    15 ||    60
       Distracted        |     1 |       |     4 |     3 ||     8
       Confused          |       |       |       |     4 ||     4
  Eat: Chunk             |       |     3 |     8 |     4 ||    15
       Beef jerky        |       |       |     4 |       ||     4
       Bread ration      |       |       |     2 |       ||     2
       Pizza             |       |       |     2 |       ||     2
       Royal jelly       |       |       |     1 |     2 ||     3
       Meat ration       |       |       |     1 |     2 ||     3
Armor: Skin              |     2 |     1 |     6 |    27 ||    36
Dodge: Dodged            |    41 |    26 |   115 |   198 ||   380
Block: Shield            |       |       |    41 |   182 ||   223
       Reflection        |       |       |       |     5 ||     5
